 Dungeon Crawl Stone Soup version 0.29-a0-219-g0a02b1cf4f (webtiles) character file.

Game seed: 9131948210261204416

25 jlumianski the Chopper (level 2, -13/22 HPs)
             Began as a Demonspawn Gladiator on Feb 26, 2022.
             Killed from afar by Ijyb (14 damage)
             ... with a puff of flame
             ... on level 2 of the Dungeon.
             The game lasted 00:02:45 (760 turns).

jlumianski the Chopper (Demonspawn Gladiator)        Turns: 760, Time: 00:02:45

Health: -13/22     AC:  4    Str: 14    XL:     2   Next: 86%
Magic:  2/2        EV: 12    Int:  9    God:
Gold:   53         SH:  0    Dex: 14    Spells: 1/1 levels left

rFire   . . .      SeeInvis .   a - +0 war axe
rCold   . . .      Faith    .   (no shield)
rNeg    . . .      Spirit   .   b - +0 leather armour
rPois   .          Reflect  .   c - +0 helmet
rElec   .          Harm     .   (no cloak)
rCorr   .          Rampage  .   (no gloves)
Will    .....                   (no boots)
Stlth   +.........              (no amulet)
HPRegen 0.07/turn               (no ring)
MPRegen 0.08/turn               (no ring)

@: brilliant
A: powered by pain 1
a: no special abilities


You were on level 2 of the Dungeon.
You visited 1 branch of the dungeon, and saw 2 of its levels.

You collected 53 gold pieces.

Inventory:

Hand Weapons
 a - a +0 war axe (weapon)
 j - a +2 dagger of venom
Missiles
 d - 3 throwing nets (quivered)
 h - 34 stones
Armour
 b - a +0 leather armour (worn)
 c - a +0 helmet (worn)
Scrolls
 e - a scroll of noise {unknown}
 i - 2 scrolls of identify {unknown}
Potions
 g - a potion of brilliance
 k - a potion of curing {unknown}


   Skills:
 + Level 2.0 Fighting
 + Level 3.3 Axes
 + Level 1.8 Throwing
 + Level 0.6 Armour
 + Level 2.9 Dodging
 + Level 0.4 Stealth


You had one spell level left.
You didn't know any spells.
Your spell library contained the following spells:

 Spells                   Type           Power      Damage    Failure   Level
 Conjure Flame            Conj/Fire      0%         6-21      83%         3
 Ignite Poison            Fire/Tmut/Pois 0%         N/A       83%         3
 Inner Flame              Hex/Fire       0%         N/A       83%         3
 Ozocubu's Armour         Ice            0%         N/A       83%         3
 Cause Fear               Hex            0%         N/A       99%         4
 Sticky Flame             Conj/Fire      0%         2d3       99%         4
 Ozocubu's Refrigeration  Ice            0%         4d5       100%        7
 Discord                  Hex            0%         N/A       100%        8


Dungeon Overview and Level Annotations

Branches:
Dungeon (2/15)

Altars:

Annotations:
D:2 Ijyb


Innate Abilities, Weirdness & Mutations

You sometimes gain a little power by taking damage.


Message History

A goblin comes into view. It is wielding a +0 club.
The goblin shouts!
The kobold misses you.
The goblin moves out of view.
Ijyb the Twisted Goblin comes into view.
She is wielding a +0 club, wearing a +0 leather armour of fire resistance and carrying a wand of flame (14).
Ijyb shouts!
You slash the kobold!
You kill the kobold!
You hit the goblin.
The goblin is moderately wounded.
The goblin closely misses you.
You slash the goblin!
You kill the goblin!
The goblin closely misses you.
You closely miss the goblin. The goblin hits you but does no damage.
You closely miss the goblin. The goblin hits you with a +0 club.
The goblin misses you.
You slash the goblin!
You kill the goblin!
You closely miss Ijyb. Ijyb hits you with a +0 club.
You hit Ijyb but do no damage. Ijyb hits you with a +0 club.
* * * LOW HITPOINT WARNING * * *
You slash Ijyb!
Ijyb is moderately wounded.
Ijyb screams, "It's all mine!"
Ijyb closely misses you. Ijyb hits you with a +0 club.
* * * LOW HITPOINT WARNING * * *
You hit Ijyb.
Ijyb is moderately wounded.
Ijyb barely misses you.
You closely miss Ijyb.
Ijyb is moderately wounded.
Ijyb hits you with a +0 club.
* * * LOW HITPOINT WARNING * * *
It was a potion of brilliance.
You feel clever all of a sudden.
Ijyb zaps a wand.
The puff of flame misses you.
It was a potion of magic.
Magic courses through your body.
Ijyb zaps a wand.
The puff of flame hits you!
Ouch! That really hurt!
You die...

....... ..g....
#..## ##.
...g... ...#.
... .g.(... #...
... $....
#..#...
.8.#####..#.#
#g..K......#
#.###g####..#
#....#g@....#
#####.#####...#
#.# ##.# #####
#.# # ....# #.#
###.## #####.#
.....### #.....#
.......###.#####
######..##.#


You could see Ijyb and 2 goblins.

Vanquished Creatures
  4 endoplasms
  3 quokkas
  2 ball pythons (D:1)
  A bat (D:1)
  7 goblins
  4 kobolds
  2 rats (D:1)
23 creatures vanquished.

Notes
Turn   | Place    | Note
-------+----------+-------------------------------------------
     0 | D:1      | jlumianski the Demonspawn Gladiator began the quest for the
                  | Orb.
     0 | D:1      | Reached XP level 1. HP: 16/16 MP: 1/1
   138 | D:1      | Reached skill level 3 in Axes
   219 | D:1      | Gained mutation: You sometimes gain a little power by
                  | taking damage. [demonic ancestry]
   219 | D:1      | Reached XP level 2. HP: 11/22 MP: 2/2
   527 | D:1      | You fall into a shaft and drop 1 floor!
   689 | D:2      | Found a faded altar of an unknown god.
   748 | D:2      | Noticed Ijyb
   758 | D:2      | HP: 1/22 [Ijyb/+0 club (3)]
   760 | D:2      | Killed from afar by Ijyb

Illustrated notes

Levels and vault maps discovered:
D:1:      lightli_molten_gateway, layout_basic
D:2:      kennysheep_the_goblin_king, layout_loops_ring,
          nicolae_ecumenical_pavilion, serial_shops, shop, st_stairs_6,
          chequers_serial_rivers_micro_b, uniq_jessica

Skill      XL: |  1 |
---------------+----+-----
Axes           | 3 |  3.3
Fighting       | |  2.0
Throwing       | |  1.8
Armour         | |  0.6
Dodging        | |  2.9
Stealth        | |  0.4

Action                   || total
-------------------------++-------
Melee: War axe           ||    57
  Use: Potion            ||     2
Armor: Leather armour    ||    15
Dodge: Dodged            ||    43

Table legend: (Time is in decaauts)
 A = Elapsed time spent in this place.
 B = Non-inter-level travel time spent in this place.
 C = Inter-level travel time spent in this place.
 D = Time resting spent in this place.
 E = Time spent auto-exploring this place.
 F = Levels seen in this place.
 G = Mean time per level.
                   A        B        C        D        E       F      G
               +--------+--------+--------+--------+--------+-----+--------+
         Total |    779 |    779 |      0 |      0 |    498 |   2 |  389.5 |
       Dungeon |    779 |    779 |      0 |      0 |    498 |   2 |  389.5 |
               +--------+--------+--------+--------+--------+-----+--------+

Top non-repeatable levels by time:
     D:1: 537 daAuts
     D:2: 241 daAuts
